 Dungeon Crawl Stone Soup version 0.18-a0-1507-g69458e0 (webtiles) character file.

902 Sargon the Grappler (level 7, 0/66 HPs)
             Began as a Troll Monk on Mar 5, 2016.
             Was a Believer of Ashenzari.
             Slain by Duvessa
             ... wielding a +2 short sword of draining
              (6 damage)
             ... on level 4 of the Dungeon.
             The game lasted 00:11:17 (3193 turns).

Sargon the Grappler (Troll Monk)                    Turns: 3193, Time: 00:11:17

Health: 0/66       AC:  5    Str: 20    XL:     7   Next: 80%
Magic:  6/6        EV:  6    Int:  6    God:    Ashenzari [**....]
Gold:   209        SH:  7    Dex: 14    Spells: 0 memorised, 6 levels left

rFire  . . .     SeeInvis +       - Unarmed
rCold  . . .     Gourm    +     y - +0 robe {MR+} (curse)
rNeg   . . .     Faith    .     A - +0 shield (curse)
rPois  .         Spirit   .     (helmet restricted)
rElec  .         Dismiss  .     (no cloak)
rCorr  .         Reflect  .     (gloves unavailable)
SustAt .         Harm     .     (boots unavailable)
MR     +....     Rnd*Tele +     (no amulet)
Stlth  +.........               q - ring of see invisible (curse)
                                t - ring of teleportation (curse)

@: heavily drained, somewhat resistant to hostile enchantments, very unstealthy
A: unfitting armour, claws 3, fast metabolism 3, gourmand, regeneration 2,
shaggy fur 1, tough skin 2
a: Curse Item, Scrying, Renounce Religion


You were on level 4 of the Dungeon.
You worshipped Ashenzari.
Ashenzari was pleased with you.
You were very full.

You visited 1 branch of the dungeon, and saw 4 of its levels.

You collected 209 gold pieces.

Inventory:

Armour
 y - a cursed +0 robe of magic resistance (worn)
 A - a cursed +0 shield (worn)
Jewellery
 l - a +4 ring of intelligence
 q - a cursed ring of see invisible (right claw)
 t - a cursed ring of teleportation (left claw)
Wands
 x - a wand of acid (9/15)
Scrolls
 a - a scroll of enchant armour {unknown}
 g - a scroll of immolation {unknown}
 h - 2 scrolls of noise {unknown}
 i - 3 scrolls of fog {unknown}
 n - 4 scrolls of identify {unknown}
 o - 3 scrolls of amnesia {unknown}
 p - 2 scrolls of enchant weapon {unknown}
 u - a scroll of recharging {unknown}
 w - 2 scrolls of teleportation {unknown}
Potions
 c - 4 potions of haste {unknown}
 e - 3 potions of curing
 f - a potion of brilliance {unknown}
 j - 2 potions of heal wounds {unknown}
 m - 2 potions of invisibility {unknown}
 r - a potion of might {unknown}
 s - a potion of agility {unknown}
 z - a potion of degeneration {unknown}
Comestibles
 b - 4 bread rations
 k - 3 meat rations
 v - a beef jerky


   Skills:
 - Level 2.4(0.1) Fighting
 - Level 2.5(0.1) Dodging
 - Level 1.1(0.0) Stealth
 + Level 9.7(6.8) Unarmed Combat


You had 6 spell levels left.
You didn't know any spells.

Dungeon Overview and Level Annotations

Branches:
Dungeon (4/15)             Temple (0/1) D:4

Altars:
Ashenzari
Elyvilon

Annotations:
D:4 Duvessa, Natasha


Innate Abilities, Weirdness & Mutations

You are too large for most types of armour.
You have claws for hands.
Your metabolism is lightning-fast.
You like to eat raw meat.
You heal very quickly.
You are covered in fur (AC +1).
You have very tough skin (AC +2).


Message History

Duvessa hits you with a short sword of draining!
You feel drained.
You claw Duvessa!
Duvessa is heavily wounded.
You feel sick.
Duvessa hits you with a short sword of draining.
You feel drained.
You closely miss Duvessa.
Duvessa is heavily wounded.
You feel sick. You block Duvessa's attack.
Duvessa hits you with a short sword of draining!
* * * LOW HITPOINT WARNING * * *
You feel drained.
* * * LOW HITPOINT WARNING * * *
Drink which item? (? for menu, Esc to quit)
You feel better.
Duvessa hits you with a short sword of draining!
* * * LOW HITPOINT WARNING * * *
You feel drained.
You die...

###.#...###### #.##...###
..........# #.##.<.#
###.#.###.#########.######
#.#.# #.............
#.#.######.###....##,
#.......(...##.#..)#.#
#.....####...........#
#.###>########e#..... #.#
#.........@##.#..*
#.###.####.##.)...# *
#.......<......#..#
#.#..............##
#.#.#.####.####.## ,,
#.#.#.# #.# .# , *
#.#.#.####.####.#.**
#...............#.
###...............*


You could see Duvessa (berserk).

Vanquished Creatures
  Sigmund (D:3)
  Menkaure (D:4)
  The ghost of SlimeFever the Magician, an amateur DsWz (D:3)
  A phantom (D:4)
  A centaur (D:3)
  Blork the orc (D:4)
  A scorpion (D:4)
  Dowan (D:4)
  A crimson imp (D:3)
  Natasha (D:4)
  2 worker ants
  An adder (D:3)
  A howler monkey skeleton (D:4)
  A worm (D:4)
  4 giant geckos
  3 orcs
  3 giant cockroaches
  2 goblins
  6 hobgoblins
  3 jackals (D:2)
  3 quokkas
  9 bats
  2 giant newts
  5 kobolds
  6 rats
61 creatures vanquished.

Vanquished Creatures (others)
  A quokka (D:3)
1 creature vanquished.

Grand Total: 62 creatures vanquished

Notes
Turn   | Place    | Note
--------------------------------------------------------------
     0 | D:1      | Sargon the Troll Monk began the quest for the Orb.
     0 | D:1      | Reached XP level 1. HP: 22/22 MP: 0/0
   684 | D:1      | Reached XP level 2. HP: 27/29 MP: 1/1
  1799 | D:2      | Found a shattered altar of Ashenzari.
  1804 | D:2      | Became a worshipper of Ashenzari the Shackled
  1804 | D:2      | Reached * piety under Ashenzari
  1804 | D:2      | Reached ** piety under Ashenzari
  1871 | D:3      | Reached skill level 5 in Unarmed Combat
  1871 | D:3      | Reached XP level 3. HP: 34/36 MP: 2/2
  1872 | D:3      | Noticed SlimeFever's ghost (amateur DsWz)
  1891 | D:3      | Killed SlimeFever's ghost
  1891 | D:3      | Reached skill level 6 in Unarmed Combat
  1891 | D:3      | Reached XP level 4. HP: 35/44 MP: 3/3
  1891 | D:3      | Reached XP level 5. HP: 39/50 MP: 4/4
  1946 | D:3      | Found a white marble altar of Elyvilon.
  2002 | D:3      | Noticed Sigmund
  2053 | D:3      | Killed Sigmund
  2053 | D:3      | Reached skill level 7 in Unarmed Combat
  2053 | D:3      | Reached XP level 6. HP: 25/59 MP: 5/5
  2408 | D:3      | Reached skill level 8 in Unarmed Combat
  2814 | D:4      | Noticed Natasha
  2817 | D:4      | Killed Natasha
  2890 | D:4      | Noticed Blork the orc
  2905 | D:4      | Killed Blork the orc
  2905 | D:4      | Reached XP level 7. HP: 43/66 MP: 6/6
  2929 | D:4      | Noticed Natasha
  2946 | D:4      | Reached skill level 9 in Unarmed Combat
  2980 | D:4      | Noticed Menkaure
  2987 | D:4      | Killed Menkaure
  3079 | D:4      | Found a staircase to the Ecumenical Temple.
  3178 | D:4      | Noticed Duvessa
  3178 | D:4      | Noticed Dowan
  3189 | D:4      | Killed Dowan
  3193 | D:4      | Slain by Duvessa

Vault maps used:
D:1:      dpeg_arrival_renting
D:2:      marbit_many_paths, minmay_misc_feat_tiny
D:3:      elyvilon_altar_4, first_bread, nicolae_underground_beach, uniq_sigmund
D:4:      lemuel_zombie_altar_kikubaaqudgha, temple_doors_d, uniq_grinder,
          uniq_duvessa, uniq_natasha, uniq_menkaure, uniq_blork_the_orc

Skill      XL: |  1  2  3  4  5  6  7 |
---------------+----------------------+-----
Unarmed Combat | 5 6 7 8 9 |  9.7
Fighting       | |  2.4
Dodging        | |  2.5
Stealth        | |  1.1

Action                   |  1- 3 |  4- 6 |  7- 9 || total
-------------------------+-------+-------+-------++-------
Melee: Unarmed           |    66 |    87 |    29 ||   182
Invok: Curse Item        |       |       |     3 ||     3
  Use: Potion            |       |       |     1 ||     1
 Stab: Sleeping          |     3 |     1 |     1 ||     5
  Eat: Bread ration      |     1 |       |       ||     1
       Chunk             |    14 |    11 |     3 ||    28
